 Dungeon Crawl Stone Soup version 0.23.0 (webtiles) character file.

Game seed: 47470909431436653

5714 Grim the Zephyrmancer (level 10, -5/63 HPs)
             Began as a Tengu Air Elementalist on Feb 16, 2019.
             Was a Priest of Vehumet.
             Slain by a hornet (13 damage)
             ... while paralysed by a hornet
             ... on level 9 of the Dungeon.
             The game lasted 00:53:08 (13241 turns).

Grim the Zephyrmancer (Tengu Air Elementalist)     Turns: 13241, Time: 00:53:09

Health: -5/63      AC:  6    Str: 13    XL:     10   Next: 76%
Magic:  11/18      EV:  2    Int: 18    God:    Vehumet [***...]
Gold:   292        SH:  0    Dex: 15    Spells: 3/18 levels left

rFire    . . .     SeeInvis .   l - +3 short sword
rCold    . . .     Gourm    .   (no shield)
rNeg     . . .     Faith    .   a - +0 robe
rPois    .         Spirit   .   (helmet restricted)
rElec    .         Reflect  .   u - +0 cloak
rCorr    .         Harm     .   C - +2 pair of gloves
MR       .....                  (boots unavailable)
Stlth    ++........             w - amulet of rage
HPRegen  0.20/turn              d - +4 ring of strength
MPRegen  0.16/turn              (no ring)

@: paralysed, lethally poisoned (-5 -> -25), slowed, lightly drained
A: beak, talons 3, able to fly
a: Fly, Renounce Religion, Evoke Berserk Rage


You were on level 9 of the Dungeon.
You worshipped Vehumet.
Vehumet was most pleased with you.
You were not hungry.

You visited 1 branch of the dungeon, and saw 9 of its levels.

You collected 487 gold pieces.
You spent 195 gold pieces at shops.

Inventory:

Hand Weapons
 l - a +3 short sword (weapon)
Armour
 a - a +0 robe (worn)
 u - a +0 cloak (worn)
 C - a +2 pair of gloves (worn)
Jewellery
 d - a +4 ring of strength (left hand)
 v - an uncursed amulet of regeneration
 w - an amulet of rage (around neck)
Wands
 b - a wand of scattershot (7)
 f - a wand of flame (27)
 m - a wand of iceblast (2)
 x - a wand of acid (8)
 D - a wand of paralysis (6)
Scrolls
 k - a scroll of random uselessness {unknown}
 n - a scroll of enchant armour {unknown}
 q - 2 scrolls of noise
 r - a scroll of enchant weapon {unknown}
 t - a scroll of immolation {unknown}
 y - 3 scrolls of remove curse
 A - a scroll of fog {unknown}
 B - 2 scrolls of fear {unknown}
 E - a scroll of magic mapping {unknown}
Potions
 e - a potion of might
 g - 2 potions of brilliance
 h - 2 potions of cancellation
 i - a potion of heal wounds
 j - 2 potions of mutation
 o - a potion of berserk rage {unknown}
 p - a potion of haste {unknown}
 s - 5 potions of agility
 z - a potion of lignification {unknown}
Comestibles
 c - 11 rations


   Skills:
 * Level 7.5(7.1) Fighting
 - Level 5.1(4.7) Short Blades
 - Level 2.1(1.8) Dodging
 - Level 2.0(1.6) Stealth
 - Level 4.7(4.3) Spellcasting
 + Level 10.7(10.3) Conjurations
 - Level 2.1(1.8) Charms
 + Level 11.3(10.9) Air Magic


You had 3 spell levels left.
You knew the following spells:

 Your Spells              Type           Power        Failure   Level  Hunger
a - Shock                 Conj/Air       ####         1%          1    None
b - Lightning Bolt        Conj/Air       #####.....   1%          5    ######.
d - Static Discharge      Conj/Air       #####...     1%          3    ###....
s - Swiftness             Chrm/Air       ####....     1%          2    ##.....
A - Airstrike             Air            #####.....   1%          4    ####...

Your spell library contained the following spells:

 Spells                   Type           Power        Failure   Level  Hunger
 Throw Flame              Conj/Fire      ###...       1%          2    ##.....


Dungeon Overview and Level Annotations

Branches:
Dungeon (9/15)             Temple (0/1) D:7            Lair (0/6) D:9
    Orc: D:9-12

Altars:
Fedhas
Makhleb
Uskayaw
Vehumet
Yredelemnul
Zin

Shops:
D:4 (!![   D:6 =


Innate Abilities, Weirdness & Mutations

You have a beak for a mouth.
You have claws for feet.
You can fly continuously.


Message History

There is a stone staircase leading up, spattered with blood here.
You see here 2 stones.
You fail to use your ability.
The killer bee misses you. The hornet stings you.
You are poisoned.
You feel yourself slow down. The killer bee stings you.
You are more poisoned.
The killer bee poisons you!
Unknown command.
You fail to use your ability.
You feel yourself speed up.
You feel sick. The killer bee barely misses you. The hornet stings you!
You suddenly lose the ability to move!
The killer bee barely misses you. The hornet stings you!
* * * LOW HITPOINT WARNING * * *
You are more poisoned.
You feel yourself slow down.
The killer bee stings you but does no damage.
* * * LOW HITPOINT WARNING * * *
You feel sick. The hornet stings you!
You die...

####### ##.....
#.....# #######
#.....# #.....#
## ##.....#
#.....##...
#......#
#...(..†...
#...####...))#
#†##...##.....##.
#.
#..y@......)...
y#
#..y.[........#
.#
###.....##...##
## #....#.......#
#.>###..#.....#
### .....##...
..#### #.. ###


You could see a hornet and a killer bee.

Vanquished Creatures
  A two-headed ogre (D:6)
  Joseph (D:7)
  Prince Ribbit (D:5)
  A hippogriff (D:9)
  Sigmund (D:3)
  3 orc warriors (D:8)
  2 phantoms
  An ice beast (D:8)
  A sky beast (D:8)
  7 centaurs
  A necrophage (D:8)
  6 ogres
  2 big kobolds (D:8)
  6 bullfrogs
  A wyvern skeleton (D:6)
  3 scorpions
  4 killer bees (D:8)
  4 wights
  3 crimson imps
  2 orc priests
  2 gnoll shamans
  3 hounds (D:8)
  A jelly (D:5)
  A bullfrog skeleton (D:5)
  A centaur skeleton (D:4)
  An iguana (D:8)
  11 orc wizards
  10 worker ants
  2 hound zombies (D:6)
  2 hound skeletons
  9 gnolls
  11 adders
  A shadow imp (D:6)
  An adder zombie (D:5)
  3 oozes
  6 worms
  A dart slug (D:2)
  4 leopard geckos
  33 orcs
  7 bats
  4 giant cockroaches
  7 goblins
  8 hobgoblins
  3 jackals (D:4)
  19 kobolds
  4 quokkas
  5 frilled lizards
  A giant cockroach zombie (D:5)
  6 rats
218 creatures vanquished.

Notes
Turn   | Place    | Note
-------+----------+-------------------------------------------
     0 | D:1      | Grim the Tengu Air Elementalist began the quest for the
                  | Orb.
     0 | D:1      | Reached XP level 1. HP: 10/10 MP: 4/4
   261 | D:1      | Reached XP level 2. HP: 15/15 MP: 6/6
  1094 | D:2      | Reached XP level 3. HP: 19/19 MP: 1/7
  1263 | D:2      | Noticed a scorpion
  1272 | D:2      | Learned a level 3 spell: Static Discharge
  1275 | D:2      | Learned a level 2 spell: Swiftness
  1430 | D:2      | Reached skill level 5 in Air Magic
  1736 | D:2      | Reached XP level 4. HP: 23/24 MP: 4/8
  1801 | D:2      | Gained mutation: You can fly continuously. [Tengu growth]
  1801 | D:2      | Reached XP level 5. HP: 28/28 MP: 3/9
  2033 | D:2      | Reached skill level 6 in Air Magic
  2817 | D:3      | Reached skill level 5 in Conjurations
  2871 | D:3      | Reached XP level 6. HP: 18/32 MP: 4/10
  3031 | D:3      | Found a radiant altar of Vehumet.
  3120 | D:3      | Became a worshipper of Vehumet
  3643 | D:3      | Found a hide-covered altar of Uskayaw.
  4077 | D:4      | Reached skill level 7 in Air Magic
  4298 | D:4      | Reached skill level 1 in Short Blades
  4503 | D:4      | Learned a level 4 spell: Airstrike
  4518 | D:4      | Found Suclud's Distillery.
  4658 | D:4      | Found Gosijaz's Distillery.
  4666 | D:4      | Bought a potion of heal wounds for 65 gold pieces
  4666 | D:4      | Bought a potion of heal wounds for 65 gold pieces
  4666 | D:4      | Bought a potion of heal wounds for 65 gold pieces
  4679 | D:4      | Found Ewkog's Armour Emporium.
  4738 | D:4      | Reached XP level 7. HP: 36/36 MP: 9/11
  4785 | D:4      | Reached * piety under Vehumet
  4785 | D:4      | Offered knowledge of Flame Tongue by Vehumet.
  4891 | D:4      | Found Sagic Sym's Antique Weapon Shoppe.
  5145 | D:5      | Entered Level 5 of the Dungeon
  5145 | D:5      | Noticed Prince Ribbit
  5573 | D:3      | Noticed Sigmund
  5577 | D:3      | Killed Sigmund
  5577 | D:3      | Reached skill level 8 in Air Magic
  5662 | D:4      | Reached XP level 8. HP: 20/41 MP: 0/12
  6472 | D:5      | Killed Prince Ribbit
  6472 | D:5      | Reached skill level 9 in Air Magic
  6632 | D:5      | Reached skill level 5 in Short Blades
  7537 | D:6      | Reached skill level 1 in Charms
  7612 | D:6      | Reached XP level 9. HP: 22/45 MP: 0/16
  7890 | D:6      | Learned a level 5 spell: Lightning Bolt
  7919 | D:6      | Found Hyoronko's Jewellery Emporium.
  7994 | D:6      | Noticed a two-headed ogre
  8193 | D:6      | Killed a two-headed ogre
  8607 | D:6      | Reached skill level 10 in Air Magic
  8877 | D:7      | Noticed Joseph
  9000 | D:7      | Killed Joseph
  9115 | D:7      | Reached skill level 5 in Fighting
  9115 | D:7      | Reached XP level 10. HP: 59/59 MP: 14/18
  9119 | D:7      | Reached ** piety under Vehumet
  9202 | D:7      | Offered knowledge of Freeze by Vehumet.
  9437 | D:7      | Found a blossoming altar of Fedhas.
  9546 | D:7      | Found a staircase to the Ecumenical Temple.
  9561 | D:7      | Found a basalt altar of Yredelemnul.
  9926 | D:7      | Noticed an angel
  9927 | D:7      | Found a glowing silver altar of Zin.
 10474 | D:8      | Reached skill level 10 in Conjurations
 10702 | D:8      | Found a burning altar of Makhleb.
 10788 | D:8      | Offered knowledge of Throw Flame by Vehumet.
 11396 | D:8      | Reached skill level 11 in Air Magic
 12188 | D:9      | Found a staircase to the Lair.
 12195 | D:8      | Reached *** piety under Vehumet
 13240 | D:9      | Paralysed by a hornet for 3 turns
 13241 | D:9      | Slain by a hornet

Skill      XL: |  1  2  3  4  5  6  7  8  9 10 |
---------------+-------------------------------+-----
Conjurations   | 2 3 4 5 6 7 8 9 10 | 10.7
Air Magic      | 5 6 7 8 9 10 11 | 11.3
Short Blades   | 1 3 5 |  5.1
Spellcasting   | 4 |  4.7
Charms         | 1 2 |  2.1
Fighting       | 5 7 |  7.5
Dodging        | |  2.1
Stealth        | |  2.0

Action                   |  1- 3 |  4- 6 |  7- 9 | 10-12 || total
-------------------------+-------+-------+-------+-------++-------
Melee: Short sword       |     6 |     7 |    33 |    34 ||    80
       Unarmed           |     3 |       |       |       ||     3
       Peck              |     1 |     1 |     5 |     9 ||    16
       Kick              |     1 |       |     9 |     9 ||    19
 Cast: Shock             |    42 |   147 |   151 |   101 ||   441
       Static Discharge  |     1 |     3 |     5 |    15 ||    24
       Airstrike         |       |       |    30 |    14 ||    44
       Swiftness         |       |       |     3 |       ||     3
       Lightning Bolt    |       |       |     8 |    22 ||    30
 Abil: Evoke Berserk Rag |       |       |     2 |     2 ||     4
Evoke: Wand              |       |       |     5 |     8 ||    13
  Use: Scroll            |     5 |     3 |     6 |     4 ||    18
       Potion            |       |       |    10 |       ||    10
 Stab: Sleeping          |     2 |       |       |       ||     2
       Paralysed         |       |       |       |     2 ||     2
  Eat: Chunk             |     3 |     9 |    15 |    11 ||    38
       Ration            |       |     1 |     3 |     4 ||     8
Armor: Robe              |     2 |     3 |    14 |    35 ||    54
Dodge: Dodged            |     7 |    36 |    91 |    78 ||   212
